 Dungeon Crawl Stone Soup version 0.31.0-10-gcf4a605ca0 (webtiles) character file.

Game seed: 866289188368222069

127 Orangeyouglad the Magician (level 4, 0/36 HPs)
             Began as a Deep Elf Alchemist on Jan 25, 2024.
             Succumbed to poison
             ... on level 3 of the Dungeon.
             The game lasted 00:09:50 (2514 turns).

Orangeyouglad the Magician (Deep Elf Alchemist)     Turns: 2514, Time: 00:09:51

Health: 0/36       AC:  3    Str:  5    XL:     4   Next: 85%
Magic:  12/12      EV: 13    Int: 22    God:
Gold:   115        SH:  0    Dex: 15    Spells: 1/11 levels left

rFire   + . .        l - +2 hand axe (elec)
rCold   . . .        (no shield)
rNeg    . . .        a - +0 robe
rPois   .            (no helmet)
rElec   .            (no cloak)
rCorr   .            n - +0 pair of gloves
SInv    .            (no boots)
Will    .....        (no amulet) Stlth
                     i - ring of protection from fire
HPRegen 0.26/turn    r - ring of flight
MPRegen 0.13/turn

%: no passive effects
@: berserking, lethally poisoned (0 -> -8), flying, very slightly contaminated,
very quick
A: no striking features
a: no special abilities


You were on level 3 of the Dungeon.
You visited 1 branch of the dungeon, and saw 4 of its levels.

You collected 115 gold pieces.

Inventory:

Hand Weapons
 e - a +1 short sword of flaming
 l - a +2 hand axe of electrocution (weapon)
Missiles
 p - 6 poisoned darts
 s - 5 boomerangs
Armour
 a - a +0 robe (worn)
 n - a +0 pair of gloves (worn)
Jewellery
 i - a ring of protection from fire (left hand)
 r - a ring of flight (right hand)
Wands
 q - a wand of light (3)
Scrolls
 c - a scroll of noise {unknown}
 f - 2 scrolls of teleportation {unknown}
 g - 2 scrolls of revelation {unknown}
 h - 4 scrolls of identify {unknown}
 j - a scroll of summoning {unknown}
 k - a scroll of enchant weapon {unknown}
 m - a scroll of poison {unknown}
Potions
 b - a potion of magic
 o - a potion of lignification {unknown}


   Skills:
 + Level 3.4 Dodging
 + Level 3.5 Stealth
 + Level 4.0 Spellcasting
 + Level 2.5 Conjurations
 + Level 4.0 Alchemy


You had one spell level left.
You knew the following spells:

 Your Spells              Type           Power      Damage    Failure   Level
a - Sting                 Conj/Alch      72%        1d7       3%          1
b - Mercury Vapours       Alch/Air       26%        N/A       8%          2
c - Mephitic Cloud        Conj/Alch/Air  14%        N/A       14%         3
d - Sticky Flame          Fire/Alch      13%        2d5       43%         4

Your spell library contained the following spells:

 Spells                   Type           Power      Damage    Failure   Level
 Olgreb's Toxic Radiance  Alch           22%        N/A       22%         4
 Freezing Cloud           Conj/Ice/Air   4%         6-21      91%         5


Dungeon Overview and Level Annotations

Branches:
Dungeon (4/15)
 Temple: D:4-7

Altars:
Hepliaklqana
Xom

Annotations:
D:3 Grinder


Message History

Aim: an orc, wielding a +0 dagger and wearing a +0 ring mail (lightly wounded, 77% to hit)
The sting hits the orc but does no damage.
The orc is poisoned.
The orc is lightly wounded.
The orc closely misses you.
Casting: Sting (safe; 3% risk of failure)
Confirm with . or Enter, or press ? or * to list all spells.
Okay, then.
Casting: Sticky Flame (astonishingly dangerous; 43% risk of failure)
Confirm with . or Enter, or press ? or * to list all spells.
Aiming: Sticky Flame (astonishingly dangerous; 43% risk of failure)
Press: ? - help, Shift-Dir - straight line, f - Grinder, p - orc
Aim: Grinder (severely wounded, blind, unable to see you)
You miscast Sticky Flame.
You are very lightly contaminated with residual magic.
Parts of your body briefly turn golden.
You are poisoned.
You feel very sick. The orc hits you but does no damage. Grinder hits you.
You writhe in agony.
Casting: Sticky Flame (astonishingly dangerous; 43% risk of failure)
Confirm with . or Enter, or press ? or * to list all spells.
You don't have enough magic to cast this spell.
There is a lethal amount of poison in your body!
You feel very sick. The orc hits you but does no damage.
Grinder gestures at you.
You suddenly lose the ability to move!
* * * LOW HITPOINT WARNING * * *
You feel very sick. The orc completely misses you.
You can move again.
Magic courses through your body.
* * * LOW HITPOINT WARNING * * *
You feel sick. The orc hits you with a +0 dagger.
* * * LOW HITPOINT WARNING * * *
Grinder misses you.
Sorry, you're not good enough to have a special ability.
It was a potion of berserk rage.
A red film seems to cover your vision as you go berserk!
You feel yourself moving faster!
You feel mighty!
You die...

.....# ##.## #########...# .....#
#..# #...........
...[.#####.######........... ####
......#....#................ #...
......#..#.................. #...
....####'###............... #...
...###...# #............... #...
..##_..### #.....o....##### #...
..##...### #....@5..)..#### #...
.##..._#v# #.........#....####...
..#.#####.##.........####[)..####
..'.##v#ยง############# ####.....
.######Z##### ###...
.....######.# #... ............#
#... ............# #...
#####.......# #...


You could see Grinder (blind, unable to see you) and an orc (poisoned).

Vanquished Creatures
  3 gnolls (D:2)
  An adder (D:2)
  2 dart slugs (D:1)
  A ribbon worm (D:2)
  8 orcs (D:3)
  5 bats
  An endoplasm (D:1)
  A giant cockroach (D:1)
  2 goblins
  5 hobgoblins
  12 jackals
  10 kobolds
  3 quokkas (D:1)
  2 ball pythons
  12 frilled lizards
  4 rats
72 creatures vanquished.

Notes
Turn   | Place    | Note
-------+----------+-------------------------------------------
     0 | D:1      | Orangeyouglad the Deep Elf Alchemist began the quest for
                  | the Orb.
     0 | D:1      | Reached XP level 1. HP: 10/10 MP: 6/6
   106 | D:1      | Reached XP level 2. HP: 15/15 MP: 2/8
   310 | D:1      | Found a faded altar of an unknown god.
   402 | D:1      | Learned a level 2 spell: Mercury Vapours
   459 | D:1      | Reached XP level 3. HP: 19/19 MP: 3/9
  1285 | D:2      | Reached XP level 4. HP: 13/24 MP: 7/11
  1325 | D:2      | Learned a level 3 spell: Mephitic Cloud
  1737 | D:2      | Identified the +0 plate armour of Qarepats {Rampage rC+}
  1778 | D:3      | Noticed Grinder
  2066 | D:3      | Found a shimmering altar of Xom.
  2067 | D:3      | Found a hazy altar of Hepliaklqana.
  2067 | D:3      | Noticed a will-o-the-wisp
  2072 | D:3      | Noticed a spectral ugly thing
  2072 | D:3      | Noticed a will-o-the-wisp
  2121 | D:3      | Learned a level 4 spell: Sticky Flame
  2350 | D:3      | You are sucked into a shaft and drop 1 floor!
  2511 | D:3      | Paralysed by Grinder for 2 turns
  2513 | D:3      | HP: 1/24 [orc/+0 dagger (2)]
  2514 | D:3      | Succumbed to poison

Illustrated notes

Levels and vault maps discovered:
D:1:      dpeg_arrival_concentric_ovals, layout_rooms,
          dreamdust_ecumenical_altar_grove, minmay_lizard_king
D:2:      layout_basic, minivault_24, corexii_item_surrounded_by_moat,
          amcnicky_mini_pool_small
D:3:      layout_basic, regret_index_temple_of_mockery, uniq_grinder
D:4:      layout_basic, lemuel_doored_altar, minmay_temple_entry_gardened_gates

Skill      XL: |  1  2  3  4 |
---------------+-------------+-----
Stealth        | 3 |  3.5
Dodging        | 3 |  3.4
Conjurations   | 2 |  2.5
Spellcasting   | 4 |  4.0
Alchemy        | 4 |  4.0

Action                     |  1- 3 |  4- 6 || total
---------------------------+-------+-------++-------
  Melee: Unarmed           |     2 |       ||     2
         Short sword       |    21 |       ||    21
         Punch             |     1 |       ||     1
         Hand axe          |       |    10 ||    10
   Cast: Sting             |    63 |    35 ||    98
         Mercury Vapours   |     5 |     6 ||    11
         Mephitic Cloud    |       |     1 ||     1
         Sticky Flame      |       |     1 ||     1
  Evoke: Wand              |       |     2 ||     2
    Use: Potion            |       |     2 ||     2
 Armour: Robe              |    32 |    17 ||    49
  Dodge: Dodged            |    42 |    25 ||    67
